 Dungeon Sprint DCSS version 0.23-a0-650-ga4d50d4 (webtiles) character file.

908 Leeroy the Fencer (level 8, -9/52 HPs)
             Began as a Barachi Ice Elementalist on Jan 4, 2019.
             Was a Priest of Qazlal.
             Killed from afar by a red draconian (30 damage)
             ... with a searing blast
             ... in the Dungeon (Sprint V: "Ziggurat Sprint").
             The game lasted 00:03:03 (168 turns).

Leeroy the Fencer (Barachi Ice Elementalist)         Turns: 168, Time: 00:03:05

Health: -9/52      AC: 25    Str: 21    XL:     8   Next: 8%
Magic:  11/11      EV: -1    Int: 18    God:    Qazlal [***...]
Gold:   0          SH: 29    Dex: 13    Spells: 10/11 levels left

rFire    . . .     SeeInvis .   K - +5 demon blade
rCold    . . .     Gourm    .   P - +18 shield of the Gong {rElec rN+ MR+ EV-5}
rNeg     + . .     Faith    .   O - +15 Maxwell's patent armour {-Cast -Tele rElec MR+ rCorr}
rPois    .         Spirit   .   (no helmet)
rElec    +         Reflect  .   (no cloak)
rCorr    +         Harm     .   (no gloves)
MR       ++...     NoTele   +   (no boots) Stlth ..........NoCast +
                                (no amulet)
HPRegen  0.17/turn              y - +6 ring of strength
MPRegen  0.12/turn              z - +6 ring of strength

@: slow
A: +LOS, swims, slowness 1, strong legs 1
a: Hop, Upheaval, Elemental Force, Renounce Religion


You were in the Dungeon.
You worshipped Qazlal.
Qazlal was most pleased with you.
You were not hungry.

You visited 1 branch

Inventory:

Hand Weapons
 H - the +7 Singing Sword {slice, sonic wave}
   (You found it in the Dungeon)

   It inflicts extra damage upon your enemies.
 I - the +11 plutonium sword {*Contam Stlth-}
   (You found it in the Dungeon)

   It causes magical contamination when unequipped.
   It makes you less stealthy.
 J - the +9 sword of Zonguldrok {reap}
   (You found it in the Dungeon)

   If a monster killed with it leaves a corpse in good enough shape, the corpse
   will be animated as a zombie friendly to the killer.
 K - a +5 demon blade (weapon)
 L - a +5 triple sword
 R - a +7 blowgun
Armour
 a - a +0 robe
 M - +5 fire dragon scales
 N - +5 ice dragon scales
 O - the +15 Maxwell's patent armour (worn) {-Cast -Tele rElec MR+ rCorr}
   (You found it in the Dungeon)

   It insulates you from electricity.
   It affects your resistance to hostile enchantments.
   It prevents spellcasting.
   It prevents most forms of teleportation.
   It provides partial protection from all sources of acid and corrosion.
 P - the +18 shield of the Gong (worn) {rElec rN+ MR+ EV-5}
   (You found it in the Dungeon)

   It affects your evasion (-5).
   It insulates you from electricity.
   It protects you from negative energy.
   It affects your resistance to hostile enchantments.
 T - the +9 plate armour of Vlad {MR+}
   (You found it in the Dungeon)

   It affects your resistance to hostile enchantments.
Magical Staves
 D - an uncursed staff of energy
Jewellery
 u - a +6 ring of dexterity
 v - a +6 ring of dexterity
 w - a +6 ring of intelligence
 x - a +6 ring of intelligence
 y - a +6 ring of strength (left hand)
 z - a +6 ring of strength (right hand)
 F - an uncursed ring of flight
 Q - an uncursed ring of protection from cold
Wands
 A - a wand of disintegration (7)
 B - a wand of iceblast (7)
 C - a wand of acid (7)
Scrolls
 i - 4 scrolls of blinking
 o - 4 scrolls of amnesia
 p - 7 scrolls of fog
 q - a scroll of holy word
 r - 5 scrolls of identify
 s - 5 scrolls of remove curse
 t - 2 scrolls of fear
Potions
 b - 2 potions of brilliance
 d - 10 potions of curing
 e - 10 potions of heal wounds
 f - 6 potions of haste
 g - 7 potions of magic
 h - 3 potions of berserk rage
 j - 2 potions of invisibility
 k - 4 potions of resistance
 l - a potion of experience
 m - 5 potions of agility
 n - 5 potions of might
Miscellaneous
 E - a crystal ball of energy
 G - a lightning rod (4/4)
 S - a lamp of fire
Comestibles
 c - 7 rations


   Skills:
 * Level 18.6 Long Blades
 - Level 2.1 Dodging
 - Level 1.7 Stealth
 - Level 2.1 Spellcasting
   Level 1.1 Conjurations
 - Level 3.6 Ice Magic


You had 10 spell levels left.
You knew the following spells:

 Your Spells              Type           Power        Failure   Level  Hunger
a - Freeze                Ice            ###.         100%        1    #......

Your spell library contained the following spells:

 Spells                   Type           Power        Failure   Level  Hunger
 Passwall                 Tmut/Erth      #.......     100%        2    ###....
 Throw Frost              Conj/Ice       ##....       100%        2    ###....
 Ignite Poison            Fire/Tmut/Pois #.......     100%        3    ###....
 Ozocubu's Armour         Chrm/Ice       #.......     100%        3    ###....
 Summon Ice Beast         Ice/Summ       #.......     100%        4    #####..
 Throw Icicle             Conj/Ice       ##......     100%        4    #####..
 Statue Form              Tmut/Erth      #........    100%        6    #######
 Shatter                  Erth           #.........   100%        9    #######


Dungeon Overview and Level Annotations

Branches:
Dungeon (1/1)

Altars:
Ashenzari
Cheibriados
Dithmenos
Elyvilon
Fedhas
Gozag
Hepliaklqana
Kikubaaqudgha
Makhleb
Nemelex Xobeh
Okawaru
Qazlal
Ru
Sif Muna
Trog
Uskayaw
Vehumet
Wu Jian
Xom
Yredelemnul
Zin
The Shining One
Beogh
Jiyva
Lugonu

Annotations:
D 1 transporter


Innate Abilities, Weirdness & Mutations

Shadows flee at your approach. (+LOS)
You can swim through water.
You cover ground slowly.
You can hop short distances.


Message History

Your shield and Maxwell's patent armour prevent you from hitting the draconian.
The draconian is severely wounded.
The red draconian hits you with a +0 war axe!
You block the draconian's attack.
GONNNNG!
The draconian is engulfed in blazing flames.
You block the draconian's attack.
PANG!
You slash the draconian!
You kill the draconian!
Qazlal accepts your kill.
Your Long Blades skill gained 2 levels and is now at level 18!
You have reached level 8!
You feel agile.
You hit the draconian.
The draconian is almost dead.
The red draconian breathes flames at you.
The searing blast hits you!
Ouch! That really hurt!
You die...

▓.....▓.....▓..©..▓
▓..©..▓..©..▓▓▓▓▓▓▓
▓▓▓▓▓▓▓▓▓▓▓▓▓▓
▓..8©8...▓
▓..|[:...▓
▓...:....▓
▓........▓
▓....°...▓
▓.▓d@○.▓.▓
▓..d©....▓
▓▓▓▓▓▓▓▓▓▓


You could see a red draconian and a draconian.

Vanquished Creatures
  2 draconians (D)
  A hell hound (D)
  A crimson imp (D)
  An orc priest (D)
  An iron imp (D)
  An adder zombie (D)
  2 orcs (D)
  A giant cockroach zombie (D)
  A jackal zombie (D)
11 creatures vanquished.

Notes
Turn   | Place    | Note
-------+----------+-------------------------------------------
     0 | D        | Found the +6 Majin-Bo {vamp, Archmagi MP+6 Int+6}
     0 | D        | Found the +7 great mace "Firestarter" {inner flame, rF++}
     0 | D        | Leeroy the Barachi Ice Elementalist began the quest for the
                  | Orb.
     0 | D        | Reached XP level 1. HP: 13/13 MP: 3/3
     0 | D        | Found a transporter.
     0 | D        | Found an ancient bone altar of Kikubaaqudgha.
     0 | D        | Found a viscous altar of Jiyva.
     0 | D        | Found a corrupted altar of Lugonu.
     0 | D        | Found a hazy altar of Hepliaklqana.
     0 | D        | Found a burning altar of Makhleb.
     0 | D        | Found an opulent altar of Gozag.
    23 | D        | Found the +6 shillelagh "Devastator" {shatter}
    23 | D        | Found the +11 plutonium sword {*Contam Stlth-}
    23 | D        | Found the +8 lance "Wyrmbane" {slay drac, rPois rF+ rC+
                  | AC+3}
    23 | D        | Found the +9 sword of Zonguldrok {reap}
    23 | D        | Found the cursed +13 scythe of Curses {drain, *Curse}
    23 | D        | Found the +0 sword of Power
    23 | D        | Found the +7 mace of Variability {chain chaos}
    23 | D        | Found the +7 Singing Sword {slice, sonic wave}
    23 | D        | Found the +7 longbow "Piercer" {penet, EV-2}
    54 | D        | Found the +9 heavy crossbow "Sniper" {velocity, Acc+∞ SInv}
    54 | D        | Found the +10 dark maul {crush}
    54 | D        | Found the +15 Maxwell's patent armour {-Cast -Tele rElec
                  | MR+ rCorr}
    54 | D        | Found the +18 shield of the Gong {rElec rN+ MR+ EV-5}
    54 | D        | Found the cursed +14 obsidian axe {chop, +Fly SInv *Curse}
    89 | D        | Became a worshipper of Qazlal Stormbringer
   100 | D        | Entered arena 2.
   100 | D        | Found a transporter.
   104 | D        | Reached skill level 3 in Long Blades
   116 | D        | Entered arena 3.
   116 | D        | Noticed an orc priest
   116 | D        | Found a transporter.
   119 | D        | Reached * piety under Qazlal
   119 | D        | Reached skill level 4 in Long Blades
   120 | D        | Reached XP level 2. HP: 18/19 MP: 5/5
   122 | D        | Reached skill level 7 in Long Blades
   122 | D        | Reached XP level 3. HP: 23/24 MP: 6/6
   136 | D        | Entered arena 4.
   136 | D        | Noticed a hell hound
   136 | D        | Found a transporter.
   138 | D        | Reached ** piety under Qazlal
   138 | D        | Reached skill level 9 in Long Blades
   138 | D        | Reached XP level 4. HP: 30/30 MP: 7/7
   141 | D        | Killed a hell hound
   141 | D        | Reached skill level 12 in Long Blades
   141 | D        | Reached XP level 5. HP: 35/35 MP: 8/8
   143 | D        | Reached *** piety under Qazlal
   143 | D        | Reached skill level 13 in Long Blades
   149 | D        | Got the +9 plate armour of Vlad {MR+}
   151 | D        | Got the Incunabulum of the Mutagenic Mountains
   155 | D        | Entered arena 5.
   155 | D        | Noticed a draconian
   155 | D        | Noticed a red draconian
   155 | D        | Noticed a draconian
   155 | D        | Noticed a draconian
   155 | D        | Found a transporter.
   161 | D        | Killed a draconian
   161 | D        | Reached skill level 16 in Long Blades
   161 | D        | Reached XP level 6. HP: 27/41 MP: 9/9
   161 | D        | Reached XP level 7. HP: 30/46 MP: 10/10
   167 | D        | Killed a draconian
   167 | D        | Reached skill level 18 in Long Blades
   167 | D        | Reached XP level 8. HP: 20/52 MP: 11/11
   168 | D        | Killed from afar by a red draconian

Vault maps used:
D:        sprint_v

Skill      XL: |  1  2  3  4  5  6  7 |
---------------+----------------------+-----
Long Blades    | 4 7 9 12 16 18 | 18.6
Dodging        | |  2.1
Stealth        | |  1.7
Spellcasting   | |  2.1
Conjurations   | |  1.1
Ice Magic      | |  3.6

Action                   |  1- 3 |  4- 6 |  7- 9 || total
-------------------------+-------+-------+-------++-------
Melee: Demon blade       |     9 |     6 |     6 ||    21
Evoke: Lightning rod     |       |     6 |       ||     6
Armor: Plate armour      |     5 |     1 |       ||     6
Block: Shield            |    10 |     4 |    12 ||    26

Table legend:
 A = Non-vault XP
 B = Vault XP
 C = Vault XP percentage of total XP
 D = Non-vault monster count
 E = Vault monster count
 F = Vault count percentage of total count
                 A         B        C        D         E       F
            +---------+---------+-------+---------+---------+-------
      Total |       0 |    1298 | 100.0 |       0 |      11 | 100.0
            +---------+---------+-------+---------+---------+-------
          D |       0 |    1298 | 100.0 |       0 |      11 | 100.0
            +---------+---------+-------+---------+---------+-------
